 Dungeon Crawl Stone Soup version 0.26-a0-612-gd4d190f45e (webtiles) character file.

Game seed: 16888327061149895173

305 Hores the Digger (level 6, -2/48 HPs)
             Began as a Gargoyle Earth Elementalist on Sept 8, 2020.
             Was an Initiate of Vehumet.
             Slain by an ufetubus (4 damage)
             ... on level 5 of the Dungeon.
             The game lasted 00:10:19 (4140 turns).

Hores the Digger (Gargoyle Earth Elementalist)      Turns: 4140, Time: 00:10:20

Health: -2/48      AC:  7    Str: 24    XL:     6   Next: 39%
Magic:  11/11      EV: 12    Int: 17    God:    Vehumet [......]
Gold:   164        SH:  0    Dex: 10    Spells: 3/12 levels left

rFire    . . .     SeeInvis .   i - +1 short sword
rCold    . . .     Faith    .   (no shield)
rNeg     + . .     Spirit   .   c - +0 robe
rPois    ∞         Reflect  .   q - +0 helmet
rElec    +         Harm     .   (no cloak)
rCorr    .                      (no gloves)
MR       .....                  (no boots)
Stlth    ..........             (no amulet)
HPRegen  0.16/turn              o - +6 ring of strength
MPRegen  0.12/turn              a - +6 ring of strength

@: berserking (expiring), very quick
A: negative energy resistance 1, electricity resistance, unbreathing,
petrification resistance, rot immunity, AC +4
a: Renounce Religion


You were on level 5 of the Dungeon.
You worshipped Vehumet.
Vehumet was noncommittal.
You visited 2 branches of the dungeon, and saw 6 of its levels.

You collected 164 gold pieces.

Inventory:

Hand Weapons
 d - a +0 club
 e - a +0 flail
 i - a +1 short sword (weapon)
Missiles
 b - 34 stones (quivered)
Armour
 c - a +0 robe (worn)
 q - a +0 helmet (worn)
Jewellery
 a - a +6 ring of strength (right hand)
 n - an uncursed ring of resist corrosion
 o - a +6 ring of strength (left hand)
Scrolls
 f - a scroll of teleportation
 k - 7 scrolls of remove curse
 l - a scroll of fog
 p - a scroll of immolation
 r - 2 scrolls of enchant weapon
Potions
 j - a potion of resistance
 m - a potion of heal wounds {unknown}
 s - a potion of stabbing {unknown}


   Skills:
 - Level 1.5 Dodging
 - Level 2.1 Stealth
 + Level 3.9 Spellcasting
 + Level 3.2 Conjurations
   Level 0.7 Transmutations
 + Level 5.9 Earth Magic


You had 3 spell levels left.
You knew the following spells:

 Your Spells              Type           Power        Failure   Level
a - Sandblast             Erth           ###...       1%          1
b - Stone Arrow           Conj/Erth      ###...       8%          3
c - Lee's Rapid Deconstr  Erth           ###.......   36%         5

Your spell library contained the following spells:

 Spells                   Type           Power        Failure   Level
 Passwall                 Tmut/Erth      ##......     6%          2
 Freeze                   Ice            #...         16%         1
 Frozen Ramparts          Ice            #.....       43%         3
 Ozocubu's Armour         Ice            #.......     43%         3
 Petrify                  Tmut/Erth      ##......     38%         4
 Hailstorm                Conj/Ice       #.......     63%         4
 Summon Ice Beast         Ice/Summ       #.......     85%         4


Dungeon Overview and Level Annotations

Branches:
Dungeon (5/15)             Temple (1/1) D:4

Altars:
Ashenzari
Dithmenos
Elyvilon
Fedhas
Gozag
Kikubaaqudgha
Makhleb
Nemelex Xobeh
Okawaru
Qazlal
Ru
Sif Muna
Trog
Uskayaw
Vehumet
Wu Jian
Xom
Yredelemnul
Zin
The Shining One


Innate Abilities, Weirdness & Mutations

You are resistant to torment.
Your stone body is resilient. (AC +4)
You are immune to poison.
You resist negative energy. (rN+)
You are resistant to electric shocks. (rElec)
You can survive without breathing.
You are immune to petrification.
You are immune to rotting.


Message History

The ufetubus misses you. x2; The bullfrog zombie barely misses you.
The ufetubus closely misses you. The ufetubus barely misses you.
Unknown command.
You puncture the bullfrog zombie!
The bullfrog zombie is heavily damaged.
The ufetubus barely misses you. The ufetubus hits you.
* * * LOW HITPOINT WARNING * * *
The bullfrog zombie closely misses you. The ufetubus closely misses you.
The ufetubus hits you but does no damage.
Unknown command.
You puncture the bullfrog zombie!
The bullfrog zombie is severely damaged.
The ufetubus completely misses you.
The ufetubus hits you but does no damage.
The ufetubus hits you.
* * * LOW HITPOINT WARNING * * *
The ufetubus closely misses you. The bullfrog zombie hits you.
* * * LOW HITPOINT WARNING * * *
You closely miss the ufetubus. The ufetubus hits you.
You die...

...............
..............#
..............#
...............
...............
...............
......Z........
......5@.....>#
.......5......#
..............#
......>........
...............
...............
...............
..............#


You could see 2 ufetubi and a bullfrog zombie.

Vanquished Creatures
  A sky beast (D:3)
  An orc priest (D:4)
  An iguana (D:5)
  6 adders
  An ooze (D:2)
  A worm (D:3)
  3 dart slugs
  3 leopard geckos
  8 orcs
  A ball python (D:2)
  7 giant cockroaches
  6 hobgoblins
  3 jackals (D:3)
  7 kobolds
  3 quokkas
  6 bats
  4 frilled lizards
  7 goblins
  A jackal skeleton (D:4)
  A leopard gecko skeleton (D:4)
  A quokka skeleton (D:3)
  8 rats
80 creatures vanquished.

Notes
Turn   | Place    | Note
-------+----------+-------------------------------------------
     0 | D:1      | Hores the Gargoyle Earth Elementalist began the quest for
                  | the Orb.
     0 | D:1      | Reached XP level 1. HP: 10/10 MP: 3/3
   187 | D:1      | Reached XP level 2. HP: 15/15 MP: 3/5
   242 | D:1      | Reached skill level 4 in Earth Magic
   950 | D:2      | Reached XP level 3. HP: 19/19 MP: 4/7
   955 | D:2      | Learned a level 3 spell: Stone Arrow
  1001 | D:2      | Found a burning altar of Makhleb.
  1001 | D:2      | Noticed a balrug
  1016 | D:2      | Noticed a neqoxec
  1016 | D:2      | Noticed an orange demon
  1587 | D:2      | Reached skill level 1 in Conjurations
  1760 | D:2      | Reached XP level 4. HP: 24/24 MP: 8/8
  2242 | D:3      | Found a sparkling altar of Nemelex Xobeh.
  2247 | D:3      | Reached skill level 5 in Earth Magic
  2323 | D:3      | Reached XP level 5. HP: 6/28 MP: 2/9
  2680 | D:3      | Learned a level 5 spell: Lee's Rapid Deconstruction
  2733 | D:3      | Noticed a sky beast
  2740 | D:3      | Killed a sky beast
  2740 | D:3      | Reached XP level 6. HP: 29/32 MP: 4/11
  3472 | D:4      | Found a staircase to the Ecumenical Temple.
  3669 | Temple   | Entered the Ecumenical Temple
  3752 | Temple   | Became a worshipper of Vehumet
  4125 | D:5      | Entered Level 5 of the Dungeon
  4139 | D:5      | HP: 2/48 [bullfrog zombie (5)]
  4140 | D:5      | Slain by an ufetubus

Illustrated notes

Levels and vault maps discovered:
D:1:      scummos_arrival_star, layout_loops_ring
D:2:      layout_basic, makhleb_altar_promises_db
D:3:      layout_basic, nemelex_xobeh_ov_fountains_minmay
D:4:      layout_loops_cross, minmay_temple_entry_large_hall,
          hangedman_decor_growths
D:5:      layout_layer_cave, gup_ossuary_entry_pyramid,
          lightli_sewer_entry_pipes, nicolae_elemental_shop, uniq_ijyb
Temple:   compressed_dpeg_triangle_lava_temple

Skill      XL: |  1  2  3  4  5  6 |
---------------+-------------------+-----
Earth Magic    | 4 5 |  5.9
Conjurations   | 1 2 3 |  3.2
Spellcasting   | 3 |  3.9
Dodging        | |  1.5
Stealth        | |  2.1
Transmutations | |  0.7

Action                   |  1- 3 |  4- 6 || total
-------------------------+-------+-------++-------
Melee: Club              |    33 |       ||    33
       Short sword       |    71 |   146 ||   217
 Cast: Sandblast         |    19 |    26 ||    45
       Stone Arrow       |       |     1 ||     1
  Use: Scroll            |       |    10 ||    10
       Potion            |       |     4 ||     4
 Stab: Sleeping          |     3 |     2 ||     5
Armor: Robe              |    39 |    66 ||   105
Dodge: Dodged            |    79 |   151 ||   230

Table legend: (Time is in decaauts)
 A = Elapsed time spent in this place.
 B = Non-inter-level travel time spent in this place.
 C = Inter-level travel time spent in this place.
 D = Time resting spent in this place.
 E = Time spent auto-exploring this place.
 F = Levels seen in this place.
 G = Mean time per level.
                   A        B        C        D        E       F      G
               +--------+--------+--------+--------+--------+-----+--------+
         Total |   4173 |   4062 |    111 |   1148 |   2149 |   6 |  695.5 |
       Dungeon |   4080 |   3978 |    102 |   1148 |   2087 |   5 |  816.0 |
        Temple |     92 |     83 |      9 |      0 |     62 |   1 |   92.0 |
               +--------+--------+--------+--------+--------+-----+--------+

Top non-repeatable levels by time:
     D:3: 1315 daAuts
     D:2: 1308 daAuts
     D:4: 819 daAuts
     D:1: 624 daAuts
  Temple: 92 daAuts
     D:5: 13 daAuts
